 Dungeon Crawl Stone Soup version 0.27-a0-931-g5a74e75d8f (webtiles) character file.

Game seed: 18217854401424575519

15 st0uf the Ruffian (level 2, 0/23 HPs)
             Began as a Draconian Transmuter on Apr 10, 2021.
             Slain by a water moccasin (7 damage)
             ... on level 2 of the Dungeon.
             The game lasted 00:02:08 (325 turns).

st0uf the Ruffian (Draconian Transmuter)             Turns: 325, Time: 00:02:09

Health: 0/23       AC:  4    Str: 12    XL:     2   Next: 34%
Magic:  4/5        EV: 12    Int: 13    God:
Gold:   19         SH:  0    Dex: 11    Spells: 4/5 levels left

rFire    . . .     SeeInvis .     - Unarmed
rCold    . . .     Faith    .   (no shield)
rNeg     . . .     Spirit   .   (armour unavailable)
rPois    .         Reflect  .   (helmet currently unavailable)
rElec    .         Harm     .   (no cloak)
rCorr    .         Rampage  .   (no gloves)
Will     .....                  (boots currently unavailable)
Stlth    +.........             (no amulet)
HPRegen  0.07/turn              (no ring)
MPRegen  0.09/turn              (no ring)

@: appendages (expiring)
A: horns 2, talons 2, AC +4, unfitting armour, cold-blooded
a: End Transformation


You were on level 2 of the Dungeon.
You had temporarily grown beastly horns and talons.
You visited 1 branch of the dungeon, and saw 2 of its levels.

You collected 19 gold pieces.

Inventory:

Missiles
 d - 4 curare-tipped darts
Scrolls
 a - a scroll of magic mapping {unknown}
 b - a scroll of identify {unknown}
Potions
 c - a potion of brilliance {unknown}


   Skills:
 + Level 1.1 Fighting
 + Level 1.8 Dodging
 + Level 3.6 Unarmed Combat
 + Level 2.1 Spellcasting
 + Level 2.0 Transmutations


You had 4 spell levels left.
You knew the following spells:

 Your Spells              Type           Power      Damage    Failure   Level
a - Beastly Appendage     Tmut           12%        N/A       11%         1

Your spell library contained the following spells:

 Spells                   Type           Power      Damage    Failure   Level
 Wereblood                Tmut           6%         N/A       16%         2
 Spider Form              Tmut/Pois      2%         N/A       45%         3
 Ice Form                 Ice/Tmut       4%         N/A       86%         4
 Hydra Form               Tmut           3%         N/A       96%         5


Dungeon Overview and Level Annotations

Branches:
Dungeon (1/15)

Altars:


Innate Abilities, Weirdness & Mutations

You have temporarily grown beastly horns and talons.
Your plain brown scales are hard. (AC +4)
You cannot fit into any form of body armour.
You are cold-blooded and may be slowed by cold attacks.


Message History

Your horns disappear.
Your talons disappear.
Found a stone staircase leading down.
b - a scroll labelled WECONU ZILOB
c - a blue potion
d - 4 curare-tipped darts A bat comes into view.
The bat hits you but does no damage.
You miss the bat. The bat hits you but does no damage.
You hit the bat.
You kill the bat!
A rat comes into view.
You fall into a shaft and drop 1 floor!
The shaft crumbles and collapses.
A rat and a worm come into view.
Casting: Beastly Appendage (safe; 11% risk of failure)
Confirm with . or Enter, or press ? or * to list all spells.
You grow a pair of large bovine horns.
Your feet morph into talons.
The rat closely misses you.
You hit the rat.
You kill the rat!
Your transformation is almost over.
A water moccasin comes into view.
The water moccasin hisses angrily.
The water moccasin bites you.
You miss the water moccasin. Your kick misses the water moccasin.
The water moccasin bites you. The water moccasin barely misses you.
You closely miss the water moccasin.
Your headbutt misses the water moccasin.
You punch the water moccasin.
The water moccasin is lightly wounded.
The water moccasin bites you but does no damage.
You barely miss the water moccasin. Your kick misses the water moccasin.
Your tail-slap misses the water moccasin.
The water moccasin is lightly wounded.
The water moccasin bites you!
You closely miss the water moccasin.
Your tail-slap misses the water moccasin.
The water moccasin is lightly wounded.
The water moccasin bites you!
You die...

#.## ... ..# .##.
... .... #.#
...## #.# .....
#.# ....#
#.####@###...#
#.......S....#
#########.####
##w##
#########...#
#.....w...#......
#.#######...#####
##.## .#


You could see a water moccasin and a worm.

Vanquished Creatures
  A ball python (D:1)
  2 endoplasms (D:1)
  2 hobgoblins (D:1)
  A kobold (D:1)
  5 bats (D:1)
  3 rats
14 creatures vanquished.

Notes
Turn   | Place    | Note
-------+----------+-------------------------------------------
     0 | D:1      | st0uf the Draconian Transmuter began the quest for the Orb.
     0 | D:1      | Reached XP level 1. HP: 16/16 MP: 3/3
   142 | D:1      | Reached XP level 2. HP: 23/23 MP: 3/5
   312 | D:1      | You fall into a shaft and drop 1 floor!
   319 | D:2      | Noticed a water moccasin
   325 | D:2      | Slain by a water moccasin

Illustrated notes

Levels and vault maps discovered:
D:1:      enne_arrival_octagon_isle, layout_basic,
          hellmonk_ecumenical_altar_inner_sanctum, minmay_door_square
D:2:      layout_loops_ring, lightli_corner_chamber, uniq_jessica

Action                   || total
-------------------------++-------
Melee: Unarmed           ||    30
       Kick              ||     4
       Headbutt          ||     3
       Tailslap          ||     1
       Punch             ||     1
 Cast: Beastly Appendage ||     8
Armor: Skin              ||     7
Dodge: Dodged            ||    20

Table legend: (Time is in decaauts)
 A = Elapsed time spent in this place.
 B = Non-inter-level travel time spent in this place.
 C = Inter-level travel time spent in this place.
 D = Time resting spent in this place.
 E = Time spent auto-exploring this place.
 F = Levels seen in this place.
 G = Mean time per level.
                   A        B        C        D        E       F      G
               +--------+--------+--------+--------+--------+-----+--------+
         Total |    322 |    322 |      0 |      3 |    198 |   2 |  161.0 |
       Dungeon |    322 |    322 |      0 |      3 |    198 |   2 |  161.0 |
               +--------+--------+--------+--------+--------+-----+--------+

Top non-repeatable levels by time:
     D:1: 310 daAuts
     D:2: 12 daAuts
